 Dungeon Crawl Stone Soup version 0.30-a0-924-g0ad0bf95bc (webtiles) character file.

Game seed: 9285974585184814203

2146 freelancePsychic the Conjurer (level 8, -2/70 HPs)
             Began as a Demigod Reaver on Mar 23, 2023.
             Slain by an orc
             ... wielding a +0 hand axe
              (7 damage)
             ... on level 6 of the Dungeon.
             The game lasted 00:14:29 (6331 turns).

freelancePsychic the Conjurer (Demigod Reaver)      Turns: 6331, Time: 00:14:29

Health: -2/70      AC:  2    Str: 13    XL:     8   Next: 84%
Magic:  12/14      EV: 11    Int: 23    God:
Gold:   358        SH:  0    Dex: 12    Spells: 4/11 levels left

rFire   . . .      SeeInvis +    s - +9 mace of Quick Death {speed, *Corrode rPois SInv}
rCold   . . .      Faith    .    (no shield)
rNeg    . . .      Spirit   .    b - +0 leather armour
rPois   +          Reflect  .    m - +0 helmet
rElec   .          Rampage  .    o - +0 cloak
rCorr   .                        n - +0 pair of gloves
Will    .....                    (no boots)
Stlth   +++                      (no amulet)
HPRegen 0.31/turn                (no ring)
MPRegen 0.14/turn                (no ring)

@: corroded
A: high MP 1, forlorn, divine attributes
a: no special abilities


You were on level 6 of the Dungeon.
You visited 2 branches of the dungeon, and saw 7 of its levels.

You collected 358 gold pieces.

Inventory:

Hand Weapons
 a - a +1 spear
 s - the +9 mace of Quick Death (weapon) {speed, *Corrode rPois SInv}
   (You took it off a gnoll on level 5 of the Dungeon)

   rPois:     It protects you from poison.
   SInv:      It lets you see invisible.
   *Corrode:  It may corrode you when you take damage.
Missiles
 d - a curare-tipped dart (quivered)
 t - a throwing net
Armour
 b - a +0 leather armour (worn)
 m - a +0 helmet (worn)
 n - a +0 pair of gloves (worn)
 o - a +0 cloak (worn)
 v - the +8 plate armour "Butydig" {rF++ Will+ rCorr}
   (You found it on level 6 of the Dungeon)

   rF:        It greatly protects you from fire.
   rCorr:     It protects you from acid and corrosion.
   Will:      It increases your willpower.
Magical Staves
 p - a staff of earth
Jewellery
 c - a ring of flight
Wands
 w - a wand of flame (16)
 y - a wand of quicksilver (5)
Scrolls
 e - a scroll of butterflies
 i - a scroll of fear
 l - 2 scrolls of enchant armour
 u - 2 scrolls of teleportation {unknown}
 x - a scroll of immolation
Potions
 f - a potion of attraction
 g - a potion of magic
 h - 6 potions of curing {unknown}
 j - 2 potions of brilliance {unknown}
 k - 2 potions of haste {@q3}
 q - a potion of heal wounds {unknown}
 r - a potion of degeneration {unknown}
 z - a potion of mutation {unknown}
 A - a potion of resistance {unknown}


   Skills:
 - Level 6.0 Fighting
 - Level 2.6 Polearms
 - Level 1.7 Dodging
 - Level 5.0 Stealth
 - Level 2.0 Spellcasting
 + Level 7.4 Conjurations
 - Level 4.0 Translocations


You had 4 spell levels left.
You knew the following spells:

 Your Spells              Type           Power      Damage    Failure   Level
a - Kiss of Death         Conj/Necr      76%        2d11      3%          1
b - Momentum Strike       Conj/Tloc      56%        3d9       2%          2
e - Iskenderun's Mystic   Conj/Tloc      28%        2d7       16%         4

Your spell library contained the following spells:

 Spells                   Type           Power      Damage    Failure   Level
 Apportation              Tloc           40%        N/A       3%          1
 Dazzling Flash           Conj/Hex       38%        N/A       11%         3
 Hailstorm                Conj/Ice       19%        3d6       11%         3
 Necrotise                Necr           8%         1d4       16%         1
 Summon Small Mammal      Summ           8%         N/A       16%         1
 Vampiric Draining        Necr           2%         2d6       43%         3
 Agony                    Necr           2%         N/A       99%         5
 Starburst                Conj/Fire      9%         6d5       99%         6


Dungeon Overview and Level Annotations

Branches:
Dungeon (6/15)             Temple (1/1) D:5

Shops:
D:1 :   D:5 ?(   D:6 (

Annotations:
D:4 Eustachio


Innate Abilities, Weirdness & Mutations

You have an increased reservoir of magic. (+10% MP)
You shall have no god before yourself.
Your divine heritage dramatically boosts your attributes as you level up.


Message History

The orc priest calls down the wrath of Beogh upon you.
Pain shoots through your body!
You thump the orc!
You kill the orc!
The orc wizard casts a spell at you. The puff of flame hits you.
You hit the orc but do no damage. The orc hits you with a +0 hand axe.
You hit the orc priest.
The orc priest is heavily wounded.
The orc closely misses you.
You hit the orc priest. Your punch misses the orc priest.
The orc priest is severely wounded.
The orc priest hits you with a +2 whip of distortion.
Space warps horribly around you! The orc closely misses you.
Unknown command.
Unknown command.
Unknown command.
Unknown command.
Unknown command.
Unknown command.
Unknown command.
Unknown command.
Unknown command.
Unknown command.
Unknown command.
Unknown command.
Casting: Momentum Strike (safe; 2% risk of failure)
Confirm with . or Enter, or press ? or * to list all spells.
Aiming: Momentum Strike (safe; 2% risk of failure)
Press: ? - help, Dir - move target, f - orc priest
Aim: an orc priest, wielding a +2 whip of distortion (severely wounded, 74% to hit)
The concentrated momentum misses the orc priest.
The orc wizard closely misses you.
The orc priest hits you with a +2 whip of distortion.
Your corrosive artefact corrodes you!
Space warps horribly around you!!
* * * LOW HITPOINT WARNING * * *
The orc hits you with a +0 hand axe!
You die...

.........o..###...##
$........o...##.....##
.............o##...#..##
..................##.^.#
.............h...##....#
................o.##...##
.# .............##)....#
..#####........##o.#..##
.....###.......o@#.....#
.............##.o##...##
.............##..........
##..........###..........
#.............#..........
#.......†...............#
........................#
.............#.........#
.............#........##


You could see an orc priest, an orc wizard and an orc.

Vanquished Creatures
  Menkaure (D:4)
  A water moccasin (D:5)
  3 black bears
  An orc warrior (D:6)
  4 ogres
  A centaur (D:6)
  2 phantoms
  A kobold brigand (D:6)
  2 scorpions
  A gnoll sergeant (D:5)
  5 hounds
  2 orc priests (D:6)
  A gnoll bouda (D:5)
  A jelly (D:5)
  Crazy Yiuf (D:3)
  An iguana (D:4)
  Natasha (thrice) (D:4)
  A sleepcap (D:4)
  7 adders
  18 gnolls
  2 white imps
  A worm (D:2)
  A dart slug (D:4)
  11 orcs
  5 endoplasms
  A giant cockroach (D:1)
  8 goblins
  11 hobgoblins
  7 kobolds
  5 quokkas
  11 ball pythons
  5 bats
  A frilled lizard (D:3)
  5 rats
131 creatures vanquished.

Vanquished Creatures (others)
  A plant (D:5)
1 creature vanquished.

Grand Total: 132 creatures vanquished

Notes
Turn   | Place    | Note
-------+----------+-------------------------------------------
     0 | D:1      | freelancePsychic the Demigod Reaver began the quest for the
                  | Orb.
     0 | D:1      | Reached XP level 1. HP: 17/17 MP: 5/5
   126 | D:1      | Found Hurol's Book Shop.
   276 | D:1      | Reached XP level 2. HP: 24/24 MP: 7/7
   284 | D:1      | Learned a level 2 spell: Momentum Strike
   333 | D:1      | Reached skill level 3 in Conjurations
   333 | D:1      | Reached skill level 1 in Translocations
   875 | D:2      | You fall into a shaft and drop 2 floors!
   960 | D:4      | Reached XP level 3. HP: 30/30 MP: 3/8
  1122 | D:4      | Noticed an ogre
  1124 | D:4      | Killed an ogre
  1125 | D:4      | Reached XP level 4. HP: 37/37 MP: 6/9
  2250 | D:3      | Reached skill level 1 in Stealth
  2250 | D:3      | Reached XP level 5. HP: 45/45 MP: 5/10
  2297 | D:3      | Reached skill level 4 in Conjurations
  2537 | D:3      | Found a runed translucent door.
  2538 | D:3      | Noticed Crazy Yiuf
  2954 | D:3      | Killed Crazy Yiuf
  2995 | D:3      | Identified the +0 hammer of Kismet {drain, rC+}
  3155 | D:4      | Noticed Natasha
  3165 | D:4      | Killed Natasha
  3201 | D:4      | Noticed Menkaure
  3323 | D:4      | Killed Menkaure
  3324 | D:4      | Reached XP level 6. HP: 49/51 MP: 8/11
  3689 | D:4      | Noticed Natasha
  3815 | D:4      | Reached skill level 5 in Stealth
  3898 | D:4      | Noticed Eustachio
  3917 | D:4      | Killed Natasha
  3921 | D:4      | Noticed Natasha
  3927 | D:4      | Killed Natasha
  3928 | D:4      | Reached XP level 7. HP: 53/57 MP: 7/13
  3971 | D:5      | Entered Level 5 of the Dungeon
  4109 | D:5      | Learned a level 4 spell: Iskenderun's Mystic Blast
  4409 | D:5      | Found Motwon's Hydra Hut.
  4413 | D:5      | Noticed a five-headed hydra
  4565 | D:5      | Reached skill level 5 in Conjurations
  4786 | D:5      | Found a staircase to the Ecumenical Temple.
  4849 | D:5      | Found Xijimyin's Magic Scroll Emporium.
  4992 | D:5      | Reached XP level 8. HP: 35/60 MP: 10/14
  5090 | D:5      | Identified the +9 mace of Quick Death {speed, *Corrode
                  | rPois SInv}
  5115 | Temple   | Entered the Ecumenical Temple
  5495 | D:5      | Reached skill level 5 in Fighting
  5622 | D:6      | Identified the +8 plate armour "Butydig" {rF++ Will+ rCorr}
  5641 | D:6      | Reached skill level 6 in Conjurations
  6099 | D:6      | Reached skill level 7 in Conjurations
  6293 | D:6      | Found Leghotess's Weapon Emporium.
  6331 | D:6      | Slain by an orc

Illustrated notes

Levels and vault maps discovered:
D:1:      psy_arrival_basics, layout_rooms, ebering_ecumenical_altar_mist,
          serial_shops, nicolae_shop_behind_doors
D:2:      layout_basic, kennysheep_generic_room_13
D:3:      layout_basic, nicolae_ru_awakened_eye, uniq_crazy_yiuf_cottage
D:4:      layout_layer_cave, uniq_natasha, uniq_menkaure, uniq_eustachio
D:5:      layout_loops_ring, minmay_temple_entry_slanted, serial_shops, shop,
          doesnt_shop_hydraphobe
D:6:      layout_cave_pools, nemelex_spade_bored_becter, serial_shops,
          nicolae_square_shop
Temple:   sentei_temple_godly_chess

Skill      XL: |  1  2  3  4  5  6  7  8 |
---------------+-------------------------+-----
Fighting       | 2 3 4 6 |  6.0
Conjurations   | 3 4 5 7 |  7.4
Translocations | 1 2 4 |  4.0
Stealth        | 1 4 5 |  5.0
Spellcasting   | 2 |  2.0
Polearms       | |  2.6
Dodging        | |  1.7

Action                     |  1- 3 |  4- 6 |  7- 9 || total
---------------------------+-------+-------+-------++-------
  Melee: Spear             |    76 |   137 |   122 ||   335
         Punch             |     1 |     2 |     3 ||     6
         Mace              |       |       |    97 ||    97
  Throw: Dart              |     1 |     5 |     8 ||    14
   Cast: Momentum Strike   |     4 |    30 |    25 ||    59
         Kiss of Death     |       |     1 |     4 ||     5
         Iskenderun's Myst |       |       |     2 ||     2
    Use: Scroll            |       |     5 |     4 ||     9
         Potion            |       |       |     1 ||     1
   Stab: Sleeping          |     1 |     1 |     1 ||     3
 Armour: Leather armour    |    14 |    29 |    55 ||    98
  Dodge: Dodged            |    41 |    59 |   116 ||   216

Table legend: (Time is in decaauts)
 A = Elapsed time spent in this place.
 B = Non-inter-level travel time spent in this place.
 C = Inter-level travel time spent in this place.
 D = Time resting spent in this place.
 E = Time spent auto-exploring this place.
 F = Levels seen in this place.
 G = Mean time per level.
                   A        B        C        D        E       F      G
               +--------+--------+--------+--------+--------+-----+--------+
         Total |   6307 |   6035 |    272 |    328 |   4587 |   7 |  901.0 |
       Dungeon |   6167 |   5895 |    272 |    191 |   4587 |   6 | 1027.8 |
        Temple |    139 |    139 |      0 |    137 |      0 |   1 |  139.0 |
               +--------+--------+--------+--------+--------+-----+--------+

Top non-repeatable levels by time:
     D:5: 1460 daAuts
     D:4: 1229 daAuts
     D:2: 1081 daAuts
     D:3: 1068 daAuts
     D:6: 718 daAuts
     D:1: 608 daAuts
  Temple: 139 daAuts
